[Event "Titled Tuesday Blitz March 01 Early 2022"]
[White "Mirzoev, Azer"]
[Black "Piesik, Piotr"]
[WhiteFideId "13400304"]
[BlackFideId "1136194"]
[WhiteElo "2525"]
[BlackElo "2232"]
[Result "0-1"]
[Round "07"]
[TimeControl "180+1"]
[Date "2022.03.01"]
[WhiteClock "0:00:03"]
[BlackClock "0:00:09"]

1. d4 c5 2. d5 e5 3. e4 d6 4. a4 Be7 5. Nf3 Bg4 6. a5 a6 7. Nbd2 Bg5 8. Be2 Bxf3 9. Bxf3 Bxd2+ 10. Bxd2 Ne7 11. O-O O-O 12. c3 Nd7 13. b4 f5 14. exf5 Nxf5 15. Be4 Rc8 16. Re1 cxb4 17. cxb4 g6 18. Ra3 Nf6 19. Bb1 Qd7 20. Bg5 Rc4 21. Bd2 Rd4 22. Qc1 Rc8 23. Qb2 Nxd5 24. Ba2 Kg7 25. Rf3 Nf6 26. h3 Re4 27. Rd1 Nd4 28. Re3 Rc2 29. Qb1 Qc6 30. Bb3 Nxb3 31. Qxb3 Rd4 32. Rd3 Qc4 33. Qxc4 Rcxc4 34. Be3 Rxd3 35. Rxd3 d5 36. Bc5 Kf7 37. Rf3 Ke6 38. g4 Ne4 39. Bf8 d4 40. Kg2 Rc3 41. h4 Rxf3 42. Kxf3 Nd2+ 43. Ke2 Nc4 44. Kd3 Kd5 45. f3 Ne3 46. Be7 Ng2 47. Bg5 Nf4+ 48. Kd2 Kc4 49. Bf6 Kd5 50. Be7 Ne6 51. Bf6 h5 52. gxh5 gxh5 53. Be7 Ng7 54. Bf6 Nf5 55. Kd3 Nd6 56. Bg5 Nf7 57. Bf6 Nd6 58. Bg5 e4+ 59. fxe4+ Nxe4 60. Be7 Nf2+ 61. Kd2 Ng4 62. Bg5 Ke4 63. Be7 Ne5 64. Bd8 Nc6 0-1


[Site "https://www.chess.com"]

[Event "Titled Tuesday Blitz March 01 Early 2022"]
[White "Miszler, Levente"]
[Black "Stepanencu, Nicodim-Cosmin"]
[WhiteFideId "763276"]
[BlackFideId "1256220"]
[WhiteElo "1966"]
[BlackElo "1809"]
[Result "1-0"]
[Round "07"]
[TimeControl "180+1"]
[Date "2022.03.01"]
[WhiteClock "0:00:06"]
[BlackClock "0:00:01"]

1. Nf3 d5 2. e3 Bf5 3. b3 f6 4. d4 Nd7 5. Bb2 e6 6. Nbd2 c6 7. Bd3 Bg6 8. e4 Bd6 9. O-O Ne7 10. Re1 O-O 11. c4 b6 12. Qe2 Kh8 13. exd5 exd5 14. Bxg6 Nxg6 15. cxd5 cxd5 16. Qe6 Nb8 17. g3 Ne7 18. Nh4 Nbc6 19. Rac1 Rc8 20. Ndf3 g6 21. Ng2 Rc7 22. Ne3 Rd7 23. Nxd5 Nxd5 24. Qxd5 Nb4 25. Qc4 Nxa2 26. Ra1 Nb4 27. d5 Rc7 28. Qh4 Nd3 29. Bd4 Nxe1 30. Rxe1 Bc5 31. Bb2 Rcf7 32. Ng5 Re7 33. Ne6 Rxe6 34. Rxe6 Be7 35. d6 Bxd6 36. Rxf6 Kg8 37. Qc4+ Kg7 38. Rxd6+ 1-0


[Site "https://www.chess.com"]

[Event "Titled Tuesday Blitz March 01 Early 2022"]
[White "Mitusov, Semen"]
[Black "Krylov, Ivan"]
[WhiteFideId "14151049"]
[BlackFideId "24128066"]
[WhiteElo "2246"]
[BlackElo "2258"]
[Result "1-0"]
[Round "07"]
[TimeControl "180+1"]
[Date "2022.03.01"]
[WhiteClock "0:00:34"]
[BlackClock "0:00:06"]

1. e4 c6 2. d4 d5 3. e5 c5 4. dxc5 Nc6 5. Bb5 e6 6. Be3 Ne7 7. c3 Nf5 8. Bd4 Qa5 9. Bxc6+ bxc6 10. b4 Qc7 11. Ne2 Be7 12. O-O a5 13. Ng3 Nh6 14. a3 O-O 15. Nd2 f6 16. Nf3 f5 17. Re1 Kh8 18. Qc2 Bd7 19. c4 Be8 20. cxd5 cxd5 21. Ne2 Nf7 22. Nf4 Nd8 23. h4 a4 24. Rab1 Bb5 25. Qc3 Qd7 26. Ng5 h6 27. Qh3 Kg8 28. Nf3 Nc6 29. Re3 Rf7 30. h5 Rb8 31. Bb2 Bc4 32. Nd4 Bg5 33. Ndxe6 Re8 34. Nxg5 hxg5 35. e6 Qe7 36. exf7+ Qxf7 37. Rxe8+ Qxe8 38. Ng6 Qe4 39. h6 Qxb1+ 40. Kh2 Kh7 41. hxg7+ Kxg6 42. g8=Q# 1-0


[Site "https://www.chess.com"]

[Event "Titled Tuesday Blitz March 01 Early 2022"]
[White "Mkrtchyan, Mariam"]
[Black "Tsvetkov, Andrey"]
[WhiteFideId "13310828"]
[BlackFideId "34139360"]
[WhiteElo "1984"]
[BlackElo "2280"]
[Result "0-1"]
[Round "07"]
[TimeControl "180+1"]
[Date "2022.03.01"]
[WhiteClock "0:00:09"]
[BlackClock "0:00:06"]

1. d4 d5 2. Nf3 Nf6 3. c4 e6 4. g3 dxc4 5. Bg2 Bb4+ 6. Bd2 c5 7. dxc5 Bxc5 8. O-O O-O 9. Ne5 Qc7 10. Bc3 Nd5 11. Bxd5 exd5 12. Qxd5 Be6 13. Qf3 Nd7 14. Nxd7 Qxd7 15. Nd2 Bg4 16. Qf4 Rfe8 17. Ne4 Be7 18. Rad1 Qf5 19. f3 Qxf4 20. gxf4 Bh3 21. Rfe1 Rad8 22. Kf2 Bf5 23. Rg1 Bg6 24. Rxd8 Bxd8 25. f5 Bb6+ 26. e3 Bxf5 27. Rxg7+ Kf8 28. Nd6 Rxe3 29. Rxf7+ Kg8 30. Rg7+ Kf8 31. Rf7+ Kg8 32. Rg7+ Kf8 33. Nxf5 Rxc3+ 34. Kg3 Rc2 35. Rxh7 Rxb2 36. Rxb7 Bf2+ 37. Kg4 Rxb7 38. h4 Rb2 39. h5 Rxa2 40. h6 Kg8 41. Kh5 Ra6 42. f4 c3 43. Ne7+ Kh7 44. Nd5 Rxh6+ 45. Kg5 c2 46. Kf5 c1=Q 47. Nf6+ Rxf6+ 48. Kxf6 Qxf4+ 49. Ke6 Qd4 0-1


[Site "https://www.chess.com"]

[Event "Titled Tuesday Blitz March 01 Early 2022"]
[White "Mohammadian, Mohammad"]
[Black "Prieto Aranguren, Alain"]
[WhiteFideId "12566055"]
[BlackFideId "2268906"]
[WhiteElo "1543"]
[BlackElo "2235"]
[Result "0-1"]
[Round "07"]
[TimeControl "180+1"]
[Date "2022.03.01"]
[WhiteClock "0:00:03"]
[BlackClock "0:00:53"]

1. e4 c6 2. d4 d5 3. Nd2 dxe4 4. Nxe4 Nf6 5. Nxf6+ gxf6 6. Nf3 Bg4 7. Be2 e6 8. O-O Bd6 9. c4 Qc7 10. h3 Bh5 11. Be3 Rg8 12. c5 Be7 13. Qc2 Bg6 14. Qd2 Nd7 15. Bf4 Qc8 16. Bg3 f5 17. Qh6 Nf6 18. Be5 Ne4 19. Rfe1 Qd8 20. Rad1 a6 21. Qc1 Qd5 22. Bc4 Qd8 23. Be2 Bh5 24. Bg3 Nxg3 25. fxg3 Rxg3 26. Qf4 Qb8 27. Qxb8+ Rxb8 28. Ne5 Bxe2 29. Rxe2 Rd8 30. Red2 Rd5 31. Nc4 f4 32. Nb6 Rxd4 33. Rxd4 Bxc5 34. b4 Bxb6 35. Kh2 Bxd4 36. Rxd4 e5 37. Re4 Re3 38. Rxe3 fxe3 39. Kg3 f5 40. Kf3 f4 41. g3 Ke7 42. g4 Kf6 43. h4 b6 44. a4 c5 45. bxc5 bxc5 46. Ke2 c4 47. Kf3 c3 48. Ke2 e4 49. a5 c2 50. g5+ Kf5 51. h5 Kxg5 52. h6 f3+ 53. Ke1 c1=Q# 0-1


[Site "https://www.chess.com"]

[Event "Titled Tuesday Blitz March 01 Early 2022"]
[White "Mosadeghpour, Masoud"]
[Black "Sarana, Alexey"]
[WhiteFideId "12519278"]
[BlackFideId "24133795"]
[WhiteElo "2395"]
[BlackElo "2665"]
[Result "1-0"]
[Round "07"]
[TimeControl "180+1"]
[Date "2022.03.01"]
[WhiteClock "0:00:13"]
[BlackClock "0:00:20"]

1. e4 c5 2. d4 cxd4 3. c3 dxc3 4. Nxc3 Nc6 5. Nf3 e6 6. Bc4 a6 7. O-O Nge7 8. Bg5 h6 9. Be3 Ng6 10. Bb3 Be7 11. Na4 d6 12. Nb6 Rb8 13. Rc1 O-O 14. Ba4 Bd7 15. Nd4 Nge5 16. Nxd7 Qxd7 17. f4 b5 18. Bb3 Nxd4 19. Bxd4 Nc6 20. Bc3 a5 21. Qg4 g6 22. f5 h5 23. Qg3 Kh7 24. Bxe6 Qa7+ 25. Kh1 g5 26. f6 fxe6 27. Qxg5 Bxf6 28. Rxf6 Rxf6 29. Bxf6 Qf7 30. Rxc6 Rg8 31. Rc7 Qxc7 32. Qxh5# 1-0


[Site "https://www.chess.com"]

[Event "Titled Tuesday Blitz March 01 Early 2022"]
[White "Moskalenko, Alexander"]
[Black "Pinheiro, Iung Alicio de O."]
[WhiteFideId "4155351"]
[BlackFideId "2104350"]
[WhiteElo "2515"]
[BlackElo "2560"]
[Result "1-0"]
[Round "07"]
[TimeControl "180+1"]
[Date "2022.03.01"]
[WhiteClock "0:01:27"]
[BlackClock "0:00:09"]

1. d4 Nf6 2. Nf3 g6 3. Bg5 Bg7 4. Nbd2 d5 5. e3 O-O 6. c3 Nfd7 7. b4 Re8 8. Be2 c6 9. O-O Qc7 10. Bh4 a5 11. Bg3 e5 12. b5 Qd8 13. Nxe5 Nxe5 14. Bxe5 Bxe5 15. dxe5 Rxe5 16. c4 cxb5 17. Nf3 Re8 18. cxb5 Be6 19. Rc1 Nd7 20. Nd4 Rc8 21. Rxc8 Qxc8 22. Qd2 Qd8 23. Rc1 Nf6 24. Bf3 Qb6 25. a4 Rc8 26. Rxc8+ Bxc8 27. Nb3 Qc7 28. Qxa5 Qc2 29. h3 Qb1+ 30. Kh2 Kg7 31. Qc3 Qa2 32. Qxc8 Qxb3 33. Qxb7 Qxa4 34. b6 Qa2 35. Qc7 Qxf2 36. b7 1-0


[Site "https://www.chess.com"]

[Event "Titled Tuesday Blitz March 01 Early 2022"]
[White "Moskvin, Anatoly"]
[Black "Butti, Enrique"]
[WhiteFideId "24199990"]
[BlackFideId "3700470"]
[WhiteElo "2079"]
[BlackElo "2080"]
[Result "0-1"]
[Round "07"]
[TimeControl "180+1"]
[Date "2022.03.01"]
[WhiteClock "0:00:01"]
[BlackClock "0:00:26"]

1. f4 d6 2. Nf3 g6 3. g3 Bg7 4. Bg2 c5 5. e4 Nc6 6. O-O Bg4 7. c3 d5 8. exd5 Qxd5 9. Qa4 Qd7 10. Na3 Nh6 11. Nc4 O-O 12. Qb5 b6 13. a4 Be6 14. Ne3 Rad8 15. Ng5 Nb8 16. d3 Qc8 17. Bd2 Bd7 18. Qb3 e6 19. Rad1 Bc6 20. Ne4 Rxd3 21. Nc4 Rfd8 22. Bc1 Rxd1 23. Rxd1 Rxd1+ 24. Qxd1 Nf5 25. a5 Qc7 26. axb6 axb6 27. g4 Ne7 28. Ned6 Bxg2 29. Kxg2 Qc6+ 30. Qf3 Nd5 31. Ne4 Nd7 32. Ncd6 h6 33. c4 Nb4 34. Bd2 f5 35. gxf5 exf5 36. Ng3 Qxf3+ 37. Kxf3 Bxb2 38. Ne2 Bg7 39. h4 Nc6 40. h5 Nd4+ 41. Nxd4 cxd4 42. hxg6 Nf8 43. Nxf5 Nxg6 44. Ke4 h5 45. Nxd4 Bxd4 46. Kxd4 h4 47. f5 h3 48. fxg6 h2 49. Ba5 bxa5 0-1


[Site "https://www.chess.com"]

[Event "Titled Tuesday Blitz March 01 Early 2022"]
[White "Nasyrova, Ekaterina"]
[Black "Carlsson, Ludvig"]
[WhiteFideId "44157797"]
[BlackFideId "1727010"]
[WhiteElo "2068"]
[BlackElo "2178"]
[Result "0-1"]
[Round "07"]
[TimeControl "180+1"]
[Date "2022.03.01"]
[WhiteClock "0:00:02"]
[BlackClock "0:00:19"]

1. d4 d5 2. c4 e5 3. dxe5 Ne7 4. Nf3 Nbc6 5. g3 dxc4 6. Qxd8+ Kxd8 7. Na3 Be6 8. Bg5 Ke8 9. Bg2 a6 10. Rc1 c3 11. Rxc3 Ng6 12. O-O Bxa2 13. Nc4 h6 14. Be3 Bb4 15. Rcc1 Rc8 16. h4 Bxc4 17. Rxc4 a5 18. h5 Nge7 19. Nd4 Nxe5 20. Rc2 c6 21. Bf4 Nd7 22. Bh3 Rd8 23. Bc7 Ra8 24. Rd1 Nd5 25. Bf4 Nxf4 26. gxf4 Nf6 27. Nf5 Nxh5 28. e3 a4 29. Bg4 Nf6 30. Bf3 g6 31. Nd4 Kf8 32. Rc4 Be7 33. Ra1 a3 34. bxa3 Rxa3 35. Rb1 Ra7 36. Rb6 Kg7 37. Rc2 Rd8 38. Rcb2 Bc5 39. Rxb7 Rxb7 40. Rxb7 Bxd4 41. exd4 Rxd4 42. Bxc6 Rxf4 43. Kg2 h5 44. Kg3 Rg4+ 45. Kf3 Rg5 46. Ba4 Rf5+ 47. Kg2 Ne4 48. f3 Nc5 49. Ra7 Nxa4 50. Rxa4 Rf6 51. Kg3 Re6 52. Rb4 Rf6 53. Ra4 Rf5 54. Re4 Kh6 55. Rb4 g5 56. Rb6+ Kg7 57. Rb4 Kg6 58. Rb6+ f6 59. Rb4 h4+ 60. Kg4 Rc5 61. Rb8 f5+ 62. Kh3 Rc6 63. Rg8+ Kh5 64. Rh8+ Rh6 65. Re8 g4+ 66. fxg4+ fxg4+ 67. Kg2 Kg5 68. Re5+ Kf4 69. Ra5 h3+ 70. Kh2 g3+ 71. Kg1 Rf6 72. Ra4+ Kg5 73. Ra3 Kg4 74. Ra4+ Rf4 75. Ra8 g2 76. Rg8+ Kh4 77. Kh2 Rf1 78. Rh8+ Kg4 79. Rg8+ Kf3 80. Rg3+ Kf2 81. Kxh3 Rh1+ 82. Kg4 g1=Q 0-1


[Site "https://www.chess.com"]

[Event "Titled Tuesday Blitz March 01 Early 2022"]
[White "Neiksans, Arturs"]
[Black "Potapova, Margarita"]
[WhiteFideId "11601388"]
[BlackFideId "14126869"]
[WhiteElo "2447"]
[BlackElo "2209"]
[Result "1-0"]
[Round "07"]
[TimeControl "180+1"]
[Date "2022.03.01"]
[WhiteClock "0:00:54"]
[BlackClock "0:00:14"]

1. e4 c5 2. Nf3 d6 3. Bb5+ Nd7 4. O-O a6 5. Bd3 Ngf6 6. Re1 g6 7. c3 Bh6 8. Bf1 Ne5 9. Nxe5 dxe5 10. a4 O-O 11. Na3 Bg4 12. f3 Be6 13. Bc4 Qd6 14. Qe2 Rad8 15. d4 Bxc1 16. dxe5 Qxe5 17. Raxc1 Bc8 18. Bb3 Qf4 19. Rcd1 h5 20. Qf2 h4 21. Qxc5 Rxd1 22. Rxd1 h3 23. Nc4 hxg2 24. Qe3 Qh4 25. Qf2 Qh5 26. Ne3 Nxe4 27. fxe4 Kg7 28. Nxg2 Bg4 29. Rf1 f6 30. Nf4 Qg5 31. Qg3 Rh8 32. Ne6+ Bxe6 33. Qxg5 1-0


[Site "https://www.chess.com"]

[Event "Titled Tuesday Blitz March 01 Early 2022"]
[White "Niyazgulova, Marina"]
[Black "Garagulya, Konstantin"]
[WhiteFideId "24142573"]
[BlackFideId "4128931"]
[WhiteElo "2075"]
[BlackElo "2329"]
[Result "1-0"]
[Round "07"]
[TimeControl "180+1"]
[Date "2022.03.01"]
[WhiteClock "0:00:20"]
[BlackClock "0:00:11"]

1. d4 Nf6 2. c4 e6 3. Nc3 d5 4. Nf3 Be7 5. cxd5 exd5 6. Bg5 O-O 7. Qc2 b6 8. e3 c5 9. Bd3 h6 10. Bh4 Nc6 11. O-O Nb4 12. Qd2 Nxd3 13. Qxd3 c4 14. Qc2 a6 15. a4 Be6 16. Ne5 Qc8 17. f3 Rd8 18. f4 Bf5 19. Qf2 Qb7 20. h3 Ne4 21. Nxe4 Bxe4 22. Bxe7 Qxe7 23. Nc6 Qd7 24. Nxd8 Rxd8 25. f5 f6 26. Qf4 Re8 27. Rf2 Bd3 28. Rd2 Bxf5 29. Rf2 Be4 30. Qg3 Kh7 31. a5 b5 32. Raf1 b4 33. Rf4 c3 34. bxc3 bxc3 35. Rc1 Qc7 36. Qe1 c2 37. Qd2 Rc8 38. Kf2 f5 39. Ke1 g5 40. Rxe4 fxe4 41. Kf2 Kg6 42. Ke1 h5 43. Kf1 Qg3 44. Rxc2 Rf8+ 45. Kg1 Rf6 46. Qc1 g4 47. Rc6 gxh3 48. Rxf6+ Kxf6 49. Qc6+ Kg7 50. Qd7+ Kg6 51. Qe6+ Kh7 52. Qd7+ Kh6 53. Qe6+ Qg6 54. Qxh3 Qc6 55. Kh2 Qc7+ 56. Qg3 Qxg3+ 57. Kxg3 Kg5 58. Kh3 h4 59. g3 hxg3 60. Kxg3 Kf5 61. Kh4 Ke6 62. Kg5 Kd6 63. Kf5 Kc6 64. Ke6 Kb5 65. Kxd5 Kxa5 66. Kc5 Ka4 67. d5 1-0


[Site "https://www.chess.com"]

[Event "Titled Tuesday Blitz March 01 Early 2022"]
[White "Nur-Mukhametova, Alisa"]
[Black "Lakshmi C"]
[WhiteFideId "54117739"]
[BlackFideId "25035347"]
[WhiteElo "2015"]
[BlackElo "1775"]
[Result "1-0"]
[Round "07"]
[TimeControl "180+1"]
[Date "2022.03.01"]
[WhiteClock "0:00:11"]
[BlackClock "0:00:01"]

1. d4 Nf6 2. c4 g6 3. Nc3 Bg7 4. e4 d6 5. Be2 O-O 6. Be3 Nbd7 7. h4 e5 8. d5 Nc5 9. f3 a5 10. g4 c6 11. Nh3 cxd5 12. cxd5 Bd7 13. Nf2 b5 14. Nxb5 Bxb5 15. Bxb5 Rb8 16. a4 Nfd7 17. h5 f5 18. hxg6 hxg6 19. gxf5 gxf5 20. exf5 Rxf5 21. Qc2 Qf6 22. Ne4 Nxe4 23. fxe4 Rf3 24. Qe2 Nf8 25. O-O-O Ng6 26. Kb1 Rf8 27. Bd7 Kf7 28. Bg4 Rf4 29. Be6+ Ke7 30. Bxf4 exf4 31. Qb5 Rd8 32. Rh7 Kf8 33. Rg1 f3 34. Bf5 Ne5 35. Rgxg7 Qxg7 36. Rxg7 Kxg7 37. Qf1 Kf6 38. Qg1 Rh8 39. Qf2 Rh1+ 40. Ka2 Kg5 41. Qg3+ Kf6 42. Bg4 Rf1 43. Qf4+ Ke7 44. Bh3 Rd1 45. Qh4+ Ke8 46. Be6 1-0


[Site "https://www.chess.com"]

[Event "Titled Tuesday Blitz March 01 Early 2022"]
[White "Odegov, Artem"]
[Black "Pischal, Yulia"]
[WhiteFideId "34183644"]
[BlackFideId "14102390"]
[WhiteElo "2277"]
[BlackElo "1931"]
[Result "1-0"]
[Round "07"]
[TimeControl "180+1"]
[Date "2022.03.01"]
[WhiteClock "0:01:19"]
[BlackClock "0:00:01"]

1. d4 f5 2. c4 Nf6 3. h3 d6 4. g4 fxg4 5. hxg4 Bxg4 6. Nc3 Qd7 7. Qc2 Nc6 8. e3 e5 9. dxe5 Nxe5 10. Bg2 Nc6 11. Nge2 O-O-O 12. O-O Bh3 13. Nd5 Bxg2 14. Kxg2 Qg4+ 15. Ng3 h5 16. Qe2 Qxe2 17. Nxe2 Ne5 18. b3 c6 19. Ndf4 Re8 20. Bb2 g5 21. Bxe5 dxe5 22. Ng6 Rg8 23. Nxf8 Rexf8 24. Rad1 Kc7 25. Ng3 h4 26. Nf5 Ne4 27. Nh6 Rh8 28. Ng4 Re8 29. Rd3 Nc5 30. Rd2 h3+ 31. Kh2 Rh4 32. f3 e4 33. Nf6 Re6 34. fxe4 Nxe4 35. Nxe4 Rhxe4 36. Rf5 g4 37. Rf7+ Kb6 38. Rdd7 Rxe3 39. Rxb7+ Kc5 40. Rf5+ Kd4 41. Rf4+ R6e4 42. Rd7+ Kc3 43. Rxe4 Rxe4 44. Rd6 Re2+ 45. Kg1 g3 46. Kf1 Rd2 47. Rg6 h2 48. Rxg3+ Kb2 49. Rh3 Kxa2 50. b4 Rd1+ 51. Kg2 Rd2+ 52. Kf3 Rd3+ 53. Kg2 Rxh3 54. b5 1-0


[Site "https://www.chess.com"]

[Event "Titled Tuesday Blitz March 01 Early 2022"]
[White "Osmonbekov, Talaibek"]
[Black "Voege, Tobias"]
[WhiteFideId "2017253"]
[BlackFideId "1270513"]
[WhiteElo "2135"]
[BlackElo "2335"]
[Result "0-1"]
[Round "07"]
[TimeControl "180+1"]
[Date "2022.03.01"]
[WhiteClock "0:00:22"]
[BlackClock "0:00:45"]

1. d4 Nf6 2. Nc3 g6 3. e4 d6 4. Bf4 Bg7 5. Qd2 O-O 6. O-O-O a6 7. h4 h5 8. f3 b5 9. e5 dxe5 10. dxe5 Qxd2+ 11. Rxd2 Nfd7 12. Nd5 Nxe5 13. Nxe7+ Kh7 14. Nxc8 Rxc8 15. Nh3 Nbc6 16. Be2 Rd8 17. Rhd1 Rxd2 18. Rxd2 Rd8 19. Ng5+ Kg8 20. Ne4 Rxd2 21. Kxd2 Nd4 22. Bf1 c6 23. Nc5 a5 24. c3 Nf5 25. a4 bxa4 26. Nb7 Nxh4 27. Nxa5 Nf5 28. Bxe5 Bxe5 29. Nxc6 Bf4+ 30. Ke1 Bc1 31. Bb5 Bxb2 32. Bxa4 Bxc3+ 33. Kf2 Kg7 34. Bc2 Nd6 35. Bd3 Kf6 36. Ke3 Ke6 37. Nd4+ Bxd4+ 38. Kxd4 g5 39. Be2 Nf5+ 40. Kd3 h4 41. Bd1 Ke5 42. Bb3 f6 43. Ba4 Kf4 44. Bd7 Ng3 45. Kd2 Nf1+ 46. Ke1 Ne3 47. Kf2 Nd1+ 48. Ke1 Nc3 49. Kf2 Na2 50. Bc8 Nb4 51. Bd7 Nd3+ 52. Ke2 Ne5 53. Bc8 Kg3 54. Bh3 Ng6 55. Ke3 Nf4 56. Ke4 Nxh3 57. gxh3 Kxh3 58. Kf5 Kg3 59. Kxf6 Kf4 0-1


[Site "https://www.chess.com"]

[Event "Titled Tuesday Blitz March 01 Early 2022"]
[White "Ovezdurdyyeva, Jemal"]
[Black "Bogumil, Tatiana"]
[WhiteFideId "14001888"]
[BlackFideId "4110579"]
[WhiteElo "1946"]
[BlackElo "1862"]
[Result "0-1"]
[Round "07"]
[TimeControl "180+1"]
[Date "2022.03.01"]
[WhiteClock "0:00:11"]
[BlackClock "0:00:19"]

1. e4 c5 2. Nf3 d6 3. d4 cxd4 4. Nxd4 Nf6 5. Nc3 a6 6. Bc4 e6 7. O-O Be7 8. a3 O-O 9. Kh1 Nbd7 10. f4 Qc7 11. Bb3 b5 12. f5 Nc5 13. fxe6 fxe6 14. Ba2 Bd7 15. Nf5 Rae8 16. Bg5 Qc6 17. Qe2 Kh8 18. Nxe7 Rxe7 19. Bxf6 gxf6 20. Rad1 Rg7 21. Rd2 Nb7 22. Qh5 Be8 23. Qh4 Bg6 24. Bxe6 Nc5 25. Bd5 Qe8 26. Rxf6 Re7 27. Rxg6 Qxg6 28. Rd1 Rg7 29. Rg1 Nd7 30. Qh3 Ne5 31. Ne2 Qg4 32. Qxg4 Rxg4 33. h3 Rg7 34. Nd4 Re7 35. Nf5 Rc7 36. Nxd6 Rxc2 37. b4 Rd2 38. Kh2 Nf3+ 39. Kh1 Nxg1 40. Kxg1 Rff2 41. Nf7+ Kg7 42. Ne5 Rxg2+ 43. Kf1 Rh2 44. Kg1 Rxh3 45. Nf3 Rxf3 46. e5 Rxa3 47. e6 Ra1# 0-1


[Site "https://www.chess.com"]

[Event "Titled Tuesday Blitz March 01 Early 2022"]
[White "P., Komal Kishore"]
[Black "Martinez, Shawn"]
[WhiteFideId "5016703"]
[BlackFideId "2039770"]
[WhiteElo "2082"]
[BlackElo "2174"]
[Result "0-1"]
[Round "07"]
[TimeControl "180+1"]
[Date "2022.03.01"]
[WhiteClock "0:00:42"]
[BlackClock "0:01:26"]

1. e4 c5 2. Nf3 e6 3. c3 Nf6 4. e5 Nd5 5. d4 cxd4 6. cxd4 Bb4+ 7. Bd2 Bxd2+ 8. Qxd2 d6 9. Nc3 O-O 10. Bd3 Nc6 11. O-O h6 12. Rfd1 dxe5 13. dxe5 b6 14. Be4 Nce7 15. Nxd5 exd5 16. Bxd5 Nxd5 17. Qxd5 Be6 18. Qd6 Rc8 19. Nd4 Bg4 20. f3 Bh5 21. Nf5 Rc2 22. Nxh6+ gxh6 23. Qxh6 Qh4 24. Rd7 Qf2+ 0-1


[Site "https://www.chess.com"]

[Event "Titled Tuesday Blitz March 01 Early 2022"]
[White "Panesar Vedant"]
[Black "Shuvalov, Evgenij"]
[WhiteFideId "35033018"]
[BlackFideId "4187237"]
[WhiteElo "1971"]
[BlackElo "2119"]
[Result "1-0"]
[Round "07"]
[TimeControl "180+1"]
[Date "2022.03.01"]
[WhiteClock "0:00:19"]
[BlackClock "0:00:12"]

1. d4 Nf6 2. c4 g6 3. Nc3 d5 4. cxd5 Nxd5 5. e4 Nxc3 6. bxc3 Bg7 7. Nf3 c5 8. Bb5+ Nc6 9. d5 a6 10. Be2 Ne5 11. O-O Nxf3+ 12. Bxf3 Bxc3 13. Bh6 e6 14. Rb1 Qh4 15. Be3 O-O 16. Bxc5 Rd8 17. d6 Be5 18. g3 Qh6 19. Bg2 Qf8 20. Rb6 Bd7 21. f4 Bg7 22. e5 Rac8 23. Be3 Bc6 24. Bxc6 bxc6 25. Rxa6 c5 26. Qb3 Qe8 27. Rc1 f6 28. Qc3 fxe5 29. fxe5 Qb5 30. Ra7 c4 31. Bd4 Rc5 32. Rxg7+ Kxg7 33. Bxc5 Qxc5+ 34. Kg2 Qd5+ 35. Kh3 h5 36. Qxc4 Qxe5 37. Qc7+ Kh6 38. Qxd8 Qf5+ 39. Kg2 Qe4+ 40. Kf2 Qd4+ 41. Ke2 Qe4+ 42. Kd2 Qd4+ 43. Kc2 Qe4+ 44. Kb3 Qd5+ 45. Rc4 Qd3+ 46. Kb4 Qd2+ 47. Kc5 Qe3+ 48. Kc6 Qf3+ 49. Kc7 Qd5 50. Qh8+ Kg5 51. h4+ Kf5 52. Rf4# 1-0


[Site "https://www.chess.com"]

[Event "Titled Tuesday Blitz March 01 Early 2022"]
[White "Politov, Pavel Y."]
[Black "Rodchenkov, Vitaly"]
[WhiteFideId "24110515"]
[BlackFideId "4152964"]
[WhiteElo "2090"]
[BlackElo "2337"]
[Result "0-1"]
[Round "07"]
[TimeControl "180+1"]
[Date "2022.03.01"]
[WhiteClock "0:00:02"]
[BlackClock "0:00:19"]

1. e4 c5 2. Nf3 d6 3. d4 cxd4 4. Nxd4 Nf6 5. Nc3 a6 6. Bg5 Nbd7 7. Qe2 h6 8. Bh4 e5 9. Nf5 g6 10. Ne3 Be7 11. Bxf6 Nxf6 12. Ned5 Nxd5 13. Nxd5 Be6 14. O-O-O Rc8 15. Qd3 Bxd5 16. Qxd5 O-O 17. Bc4 b5 18. Bb3 Kg7 19. f3 Rc5 20. Qd3 Qc7 21. Bd5 a5 22. c3 b4 23. c4 a4 24. Kb1 b3 25. a3 Rc8 26. Rhf1 Bg5 27. g3 h5 28. f4 exf4 29. gxf4 Bf6 30. e5 dxe5 31. fxe5 Qxe5 32. Rf2 R5c7 33. Rdf1 Bg5 34. Rxf7+ Rxf7 35. Rxf7+ Kh6 36. Rf1 Rf8 37. Rd1 Rf2 38. Qc3 Bf6 39. Qxe5 Bxe5 40. c5 Rxb2+ 41. Kc1 Rc2+ 42. Kb1 Rxc5 43. Be4 Rc3 44. Rg1 g5 45. h4 g4 46. Rf1 Re3 47. Bg2 Kg7 48. Bc6 b2 49. Bxa4 Rxa3 50. Re1 Ra1+ 51. Kc2 Rxe1 52. Bb3 b1=Q+ 53. Kd2 Qxb3 54. Kxe1 Qe3+ 55. Kf1 Bd4 56. Kg2 Qf2+ 57. Kh1 Qg1# 0-1


[Site "https://www.chess.com"]

[Event "Titled Tuesday Blitz March 01 Early 2022"]
[White "Ponkratov, Pavel"]
[Black "Gunina, Valentina"]
[WhiteFideId "4157800"]
[BlackFideId "4167570"]
[WhiteElo "2487"]
[BlackElo "2465"]
[Result "0-1"]
[Round "07"]
[TimeControl "180+1"]
[Date "2022.03.01"]
[WhiteClock "0:00:50"]
[BlackClock "0:00:55"]

1. c4 c6 2. Nc3 d5 3. e3 Nf6 4. Nf3 Bg4 5. cxd5 Bxf3 6. gxf3 cxd5 7. Qb3 Qd7 8. d4 Nc6 9. Bd2 e6 10. Rc1 Be7 11. Bd3 O-O 12. f4 Rac8 13. O-O Na5 14. Qd1 Nc4 15. Rc2 Bb4 16. Be1 Nxb2 17. Rxb2 Bxc3 18. Bxc3 Rxc3 19. Qb1 b6 20. Rc1 Rfc8 21. Rbc2 Rxc2 22. Rxc2 g6 23. Qc1 Rxc2 24. Qxc2 Ne8 25. h4 h5 26. Kf1 Kg7 27. Kg2 Nd6 28. Qb3 Qe7 29. Kh3 Qc7 30. Qa3 a5 31. Qb2 Qc6 32. Qd2 Nc4 33. Qe1 Qa4 34. Bb1 Qa3 35. Qg1 Kf8 36. Qg5 Qc1 37. Bd3 Qh1+ 38. Kg3 Qg1+ 39. Kf3 Qxg5 40. fxg5 Ke7 41. Ke2 Kd6 42. e4 b5 43. f4 dxe4 44. Bxe4 Nb6 45. Bf3 Nd5 46. f5 exf5 47. Kd2 f6 48. gxf6 Nxf6 49. Ke3 Nd5+ 50. Kd2 b4 0-1


[Site "https://www.chess.com"]

[Event "Titled Tuesday Blitz March 01 Early 2022"]
[White "Prado Lobo, Jonas"]
[Black "Gubanov, Oleg"]
[WhiteFideId "32050666"]
[BlackFideId "14115115"]
[WhiteElo "2199"]
[BlackElo "2080"]
[Result "1-0"]
[Round "07"]
[TimeControl "180+1"]
[Date "2022.03.01"]
[WhiteClock "0:00:08"]
[BlackClock "0:00:07"]

1. d4 b5 2. e4 Bb7 3. Bd3 Nf6 4. Nd2 c5 5. c3 cxd4 6. cxd4 Nc6 7. Ngf3 Nb4 8. Bb1 e6 9. O-O Rc8 10. a3 Nc6 11. d5 Na5 12. b4 Nc4 13. Nxc4 bxc4 14. Re1 Be7 15. d6 Bf8 16. e5 Nd5 17. Ng5 g6 18. Qf3 f5 19. g4 Bh6 20. gxf5 Bxg5 21. fxg6 Nf4 22. Qxb7 Nxg6 23. Qg2 Bxc1 24. Bxg6+ hxg6 25. Raxc1 Kf7 26. Re4 Kg7 27. Rcxc4 Rxc4 28. Rxc4 a5 29. Rc7 axb4 30. Qb7 Kh6 31. Qxb4 Qg5+ 32. Kf1 Qxe5 33. Qh4+ Qh5 34. Qxh5+ Kxh5 35. Rxd7 Ra8 36. Re7 Rxa3 37. Rxe6 Rd3 38. Ke2 Rd5 39. Ke3 Kg5 40. Ke4 Rd2 41. Ke5 Rxf2 42. d7 Re2+ 43. Kd6 Rd2+ 44. Ke7 Kf5 45. Rd6 1-0


[Site "https://www.chess.com"]

[Event "Titled Tuesday Blitz March 01 Early 2022"]
[White "Putri, Regita Desyari"]
[Black "Suleymanli, Aydin"]
[WhiteFideId "7109083"]
[BlackFideId "13413937"]
[WhiteElo "1930"]
[BlackElo "2529"]
[Result "0-1"]
[Round "07"]
[TimeControl "180+1"]
[Date "2022.03.01"]
[WhiteClock "0:02:20"]
[BlackClock "0:02:08"]

1. d4 Nf6 2. c4 g6 3. Nf3 Bg7 4. g3 O-O 5. Bg2 d5 6. O-O Nc6 7. e3 dxc4 8. Na3 Be6 9. Qa4 Bd5 10. Nxc4 b5 11. Qxb5 Rb8 12. Qc5 Ne4 13. Qa3 Bxc4 14. Ne1 Bxf1 0-1


[Site "https://www.chess.com"]